 Dungeon Crawl Stone Soup version 0.27.1-4-g1640c2035a (webtiles) character file.

Game seed: 4430173930480355288

23 pkoi the Insei (level 2, 0/26 HPs)
             Began as a Draconian Monk on Nov 13, 2021.
             Was a Priest of Elyvilon.
             Succumbed to Jessica's poison
             ... on level 2 of the Dungeon.
             The game lasted 00:01:37 (1858 turns).

pkoi the Insei (Draconian Monk)                     Turns: 1858, Time: 00:01:38

Health: 0/26       AC:  4    Str: 13    XL:     2   Next: 72%
Magic:  2/2        EV: 12    Int: 10    God:    Elyvilon [***...]
Gold:   23         SH:  0    Dex: 13    Spells: 1/1 levels left

rFire    . . .     SeeInvis .     - Unarmed
rCold    . . .     Faith    .   (no shield)
rNeg     . . .     Spirit   .   (armour unavailable)
rPois    .         Reflect  .   (helmet restricted)
rElec    .         Harm     .   (no cloak)
rCorr    .         Rampage  .   (no gloves)
Will     .....                  (no boots)
Stlth    ++........             (no amulet)
HPRegen  0.08/turn              (no ring)
MPRegen  0.08/turn              (no ring)

@: lethally poisoned (0 -> -6)
A: AC +4, unfitting armour, cold-blooded
a: Renounce Religion, Lesser Healing, Heal Other, Purification, Divine
Protection


You were on level 2 of the Dungeon.
You worshipped Elyvilon.
Elyvilon was most pleased with you.
You visited 1 branch of the dungeon, and saw 2 of its levels.

You collected 23 gold pieces.

Inventory:

Missiles
 c - 15 poisoned darts (quivered)
Scrolls
 a - a scroll of fog {unknown}


   Skills:
 - Level 3.2 Fighting
 - Level 2.6 Dodging
 - Level 1.7 Stealth
 + Level 3.9 Unarmed Combat
 + Level 0.8 Invocations


You had one spell level left.
You didn't know any spells.
Your spell library contained the following spells:

 Spells                   Type           Power      Damage    Failure   Level
 Ozocubu's Armour         Ice            0%         N/A       75%         3
 Metabolic Englaciation   Hex/Ice        0%         N/A       100%        5
 Simulacrum               Ice/Necr       0%         N/A       100%        6


Dungeon Overview and Level Annotations

Branches:
Dungeon (2/15)

Altars:
Elyvilon

Annotations:
D:2 Jessica


Innate Abilities, Weirdness & Mutations

Your plain brown scales are hard. (AC +4)
You cannot fit into any form of body armour.
You are cold-blooded and may be slowed by cold attacks.


Message History

You are more poisoned.
You hit Jessica.
Your tail-slap misses Jessica.
Jessica is moderately wounded.
You feel very sick.
The rat twitches its whiskers.
The rat bites you but does no damage. Jessica says, "Why did you come here?"
Jessica hits you with a +0 short sword of venom.
You are lethally poisoned!
You are too injured to fight recklessly!
You hit the rat.
You kill the rat!
* * * LOW HITPOINT WARNING * * *
You feel very sick.
You hit Jessica.
Jessica is moderately wounded.
* * * LOW HITPOINT WARNING * * *
You feel very sick.
Jessica mumbles some strange words.
Jessica blinks!
* * * LOW HITPOINT WARNING * * *
You feel very sick.
Jessica gestures wildly while chanting.
Jessica seems to speed up.
* * * LOW HITPOINT WARNING * * *
You feel sick.
Throw: 17 darts (poison)
Press: ? - help, Q - select action, (/) - cycle Shift-Dir - straight line, f - Jessica
Aim: Jessica, wielding a +0 short sword of venom and wearing a +0 robe (moderately wounded, fast, 57% to hit)
You throw a poisoned dart. The poisoned dart hits Jessica.
Jessica is poisoned.
Jessica is moderately wounded.
* * * LOW HITPOINT WARNING * * *
You feel sick.
Throw: 16 darts (poison)
Press: ? - help, Q - select action, (/) - cycle Shift-Dir - straight line, f/p - Jessica
Aim: Jessica, wielding a +0 short sword of venom and wearing a +0 robe (heavily wounded, fast, poisoned, 57% to hit)
You throw a poisoned dart. The poisoned dart hits Jessica.
Jessica looks even sicker.
Jessica is heavily wounded.
You die...

#.###........## #.##..........##
* ***###............##
****,,##..............##
,,,,,##................##
,,,,,#..................# *
,,,,,#..................# ***
,,,,,#.......#()#.......#******,,
,,,,,+........##@.......+,*,,,,,,
****,+........##......$.+,,,**,,*
* **#.......#.@#.......#**,*,*,*
** #........(.........# *,,***,
,** #..................# *,*,*,*
*,***##................## *,**,**
*>**,,##..............## *,**,,*
*,*,,,,##............##****,,,,,,
,,+,,,,,**,,,,,,,,,,**,<,,,,,,,,,


You could see Jessica (fast, very poisoned).

Vanquished Creatures
  A dart slug (D:1)
  2 endoplasms
  2 giant cockroaches
  A hobgoblin (D:1)
  2 quokkas (D:1)
  3 ball pythons (D:1)
  6 bats
  3 rats (D:2)
20 creatures vanquished.

Notes
Turn   | Place    | Note
-------+----------+-------------------------------------------
     0 | D:1      | pkoi the Draconian Monk began the quest for the Orb.
     0 | D:1      | Reached XP level 1. HP: 19/19 MP: 1/1
   337 | D:1      | Reached XP level 2. HP: 24/26 MP: 2/2
   502 | D:1      | Found a faded altar of an unknown god.
   798 | D:1      | Became a worshipper of Elyvilon the Healer
   798 | D:1      | Reached * piety under Elyvilon
   798 | D:1      | Reached ** piety under Elyvilon
   895 | D:2      | Reached *** piety under Elyvilon
   969 | D:2      | Noticed Jessica
   977 | D:2      | HP: 1/26 [Jessica (5)]
  1858 | D:2      | Succumbed to Jessica's poison

Illustrated notes

Levels and vault maps discovered:
D:1:      sevenhm_arrival_forest_fort_large_2, layout_basic,
          shapermc_ecumenical_altar_totnotflames
D:2:      kennysheep_big_flooded_room, layout_loops_corners, uniq_natasha,
          uniq_jessica, uniq_robin

Action                   || total
-------------------------++-------
Melee: Unarmed           ||    85
       Tailslap          ||     8
Throw: Dart              ||     2
  Use: Scroll            ||     4
       Potion            ||     1
 Stab: Sleeping          ||     2
Armor: Skin              ||    28
Dodge: Dodged            ||    60
